 Dungeon Crawl Stone Soup version 0.31.0-9-g3a7656b989 (webtiles) character file.

Game seed: 12837301323732314340

107 qw the Skirmisher (level 4, -2/25 HPs)
             Began as a Deep Elf Hunter on Feb 2, 2024.
             Slain by a goblin
             ... wielding a +0 club
             ... led by Robin
              (5 damage)
             ... on level 3 of the Dungeon.
             The game lasted 00:00:07 (1895 turns).

qw the Skirmisher (Deep Elf Hunter)                 Turns: 1895, Time: 00:00:08

Health: -2/25      AC:  6    Str: 10    XL:     4   Next: 57%
Magic:  6/6        EV: 12    Int: 14    God:
Gold:   53         SH:  5    Dex: 18    Spells: 3/3 levels left

rFire   . . .        a - +0 shortbow
rCold   . . .        (shield currently unavailable)
rNeg    . . .        c - +0 leather armour
rPois   .            (no helmet)
rElec   .            (no cloak)
rCorr   .            i - +1 pair of gloves
SInv    .            j - +0 pair of boots
Will    .....        f - amulet of reflection
Stlth   ++           (no ring)
HPRegen 0.24/turn    (no ring)
MPRegen 0.10/turn

%: reflection
@: no status effects
A: no striking features
a: no special abilities


You were on level 3 of the Dungeon.
You visited 1 branch of the dungeon, and saw 3 of its levels.

You collected 137 gold pieces.
You spent 84 gold pieces at shops.


   Skills:
 - Level 1.5 Fighting
 + Level 8.0 Ranged Weapons
 - Level 2.4 Dodging
 - Level 1.2 Stealth


You had 3 spell levels left.
You didn't know any spells.
Your spell library was empty.

Inventory:

Hand Weapons
 a - a +0 shortbow (weapon)
Armour
 c - a +0 leather armour (worn)
 i - a +1 pair of gloves (worn)
 j - a +0 pair of boots (worn)
Jewellery
 f - an amulet of reflection (around neck)
Scrolls
 h - 3 scrolls of identify
 k - a scroll of fear {unknown}
Potions
 b - a potion of magic {unknown}
 d - a potion of curing
 e - a potion of berserk rage {unknown}

Dungeon Overview and Level Annotations

Branches:
Dungeon (3/15)

Altars:
Gozag

Shops:
D:3 ?


Message History

You shoot an arrow. The arrow hits Robin!
Robin is heavily wounded.
The goblin hits you but does no damage. You block the goblin's attack.
You shoot an arrow. The arrow closely misses Robin.
The goblin no longer looks unusually strong.
Robin roars a battlecry!
The goblins go into a battle-frenzy!
The goblin hits you but does no damage. x2
You shoot an arrow. The arrow hits Robin.
Robin is almost dead.
The goblin hits you with a +0 dagger. The goblin hits you with a +0 club.
You shoot an arrow.
The arrow hits Robin but does no damage.
Robin is almost dead.
The goblin barely misses you. The goblin closely misses you.
You shoot an arrow. The arrow barely misses Robin.
You block Robin's attack. The goblin closely misses you.
The goblin hits you with a +0 club.
You shoot an arrow. The arrow hits Robin!
You kill Robin!
The goblin barely misses you. You block the goblin's attack.
Your Ranged Weapons skill increases to level 8!
You shoot an arrow. The arrow barely misses the goblin.
The goblin hits you with a +0 club. You block the goblin's attack.
The goblin hits you but does no damage.
You shoot an arrow. The arrow closely misses the goblin.
The goblin barely misses you. The goblin closely misses you.
The goblin hits you but does no damage.
You shoot an arrow. The arrow hits the goblin.
You kill the goblin!
The goblin hits you with a +0 club. The goblin hits you but does no damage.
You shoot an arrow. The arrow hits the goblin!
You kill the goblin!
The goblin barely misses you.
You shoot an arrow. The arrow hits the goblin.
The goblin is heavily wounded.
The goblin barely misses you.
You shoot an arrow. The arrow barely misses the goblin.
The goblin hits you with a +0 club.
You die...

### . ..# ). #..#.# #..
##.....# #.. #.....# #.#
#g)...# # #.# # #@# #
..####.#.#######)#.#
.......#.........#.#.###
........................
#.<########..#>#.###
#..............#
##.########..###
#\.######.#....
#...........####


You could see a goblin (strong).

Vanquished Creatures
  Robin (D:3)
  An adder (D:2)
  2 ribbon worms (D:2)
  A dart slug (D:1)
  6 bats
  4 endoplasms (D:2)
  5 giant cockroaches
  12 goblins
  8 hobgoblins
  2 jackals (D:1)
  9 kobolds
  4 quokkas
  8 ball pythons
  3 frilled lizards
  8 rats
74 creatures vanquished.

Notes
Turn   | Place    | Note
-------+----------+-------------------------------------------
     0 | D:1      | qw the Deep Elf Hunter began the quest for the Orb.
     0 | D:1      | Reached XP level 1. HP: 12/12 MP: 3/3
     0 | D:1      | 0 ||| qw: Version: 0.3-a-155-g5e7d8dd
     0 | D:1      | 0 ||| qw: Game counter: 1515
     0 | D:1      | 0 ||| qw: Melee chars always use a shield: true
     0 | D:1      | 0 ||| qw: God list: Okawaru
     0 | D:1      | 0 ||| qw: Allow faded altars: false
     0 | D:1      | 0 ||| qw: Do Orc after clearing Dungeon:15 true
     0 | D:1      | 0 ||| qw: Do second Lair branch before Depths: true
     0 | D:1      | 0 ||| qw: Lair rune preference: random
     0 | D:1      | 0 ||| qw: Goals: Normal
     0 | D:1      | 0 ||| PLANNING D:1-11
    92 | D:1      | HP: 3/12 [rat (2)]
   147 | D:1      | Reached XP level 2. HP: 16/16 MP: 4/4
   171 | D:1      | Reached skill level 6 in Ranged Weapons
   414 | D:1      | Reached XP level 3. HP: 14/20 MP: 5/5
   952 | D:1      | 952 ||| UPGRADING to amulet of reflection.
   957 | D:1      | 957 ||| READING scroll labelled HOFEYMM TAHELO.
  1058 | D:1      | 1058 ||| DRINKING 2 glowing golden potions.
  1059 | D:1      | 1059 ||| DRINKING 2 sedimented black potions.
  1060 | D:1      | 1060 ||| DROPPING scroll of butterflies.
  1169 | D:2      | Reached skill level 7 in Ranged Weapons
  1490 | D:2      | Reached XP level 4. HP: 13/25 MP: 6/6
  1684 | D:2      | Found an opulent altar of Gozag.
  1797 | D:2      | 1797 ||| UPGRADING to +0 pair of gloves.
  1802 | D:2      | 1802 ||| UPGRADING to +0 pair of boots.
  1807 | D:2      | 1807 ||| READING scroll labelled QOUMAGR NIRUNE.
  1808 | D:2      | 1808 ||| READING scroll labelled DEHEGH QEKUP.
  1809 | D:2      | 1809 ||| READING scroll labelled QOVUOT DUBLUH.
  1809 | D:2      | 1809 ||| ENCHANTING +0 pair of gloves.
  1834 | D:3      | Found Efran's Magic Scroll Boutique.
  1840 | D:3      | 1840 ||| BUYING scroll of identify (28 gold).
  1840 | D:3      | Bought a scroll of identify for 28 gold pieces
  1840 | D:3      | 1840 ||| BUYING scroll of identify (28 gold).
  1840 | D:3      | Bought a scroll of identify for 28 gold pieces
  1840 | D:3      | 1840 ||| BUYING scroll of identify (28 gold).
  1840 | D:3      | Bought a scroll of identify for 28 gold pieces
  1861 | D:3      | Noticed Robin
  1880 | D:3      | HP: 5/25 [goblin/+0 club[Robin] (3)]
  1881 | D:3      | 1881 ||| DRINKING potion of heal wounds.
  1889 | D:3      | Killed Robin
  1890 | D:3      | Reached skill level 8 in Ranged Weapons
  1890 | D:3      | HP: 5/25 [goblin/+0 club[Robin] (5)]
  1892 | D:3      | HP: 2/25 [goblin/+0 club[Robin] (3)]
  1895 | D:3      | Slain by a goblin

Levels and vault maps discovered:
D:1:      sevenhm_arrival_forest_fort_large_4, layout_basic
D:2:      minmay_chambers_of_twos, layout_rooms, basic_altar
D:3:      layout_loops_ring, okawaru_metal_pillars_1_2, general_overflow_altar,
          mainiacjoe_overflow_catch_the_wave, basic_ecumenical_altar,
          serial_shops, shop, skrybe_limestone_x, minivault_14,
          grunt_ministairs_3, uniq_robin

Skill      XL: |  1  2  3  4 |
---------------+-------------+-----
Ranged Weapons | 6 7 8 |  8.0
Fighting       | |  1.5
Dodging        | |  2.4
Stealth        | |  1.2

Action                     |  1- 3 |  4- 6 || total
---------------------------+-------+-------++-------
   Fire: Shortbow          |   155 |    74 ||   229
    Use: Potion            |     2 |     1 ||     3
         Scroll            |     1 |     3 ||     4
 Armour: Leather armour    |    44 |    33 ||    77
  Dodge: Dodged            |    43 |    43 ||    86
  Block: Other             |     7 |    18 ||    25
         Reflection        |     1 |       ||     1

Table legend:
 A = Non-vault XP
 B = Vault XP
 C = Vault XP percentage of total XP
 D = Non-vault monster count
 E = Vault monster count
 F = Vault count percentage of total count
                 A         B        C        D         E       F
            +---------+---------+-------+---------+---------+-------
      Total |     108 |      46 |  29.9 |      56 |      18 |  24.3
            +---------+---------+-------+---------+---------+-------
        D:1 |      54 |       0 |   0.0 |      33 |       0 |   0.0
        D:2 |      54 |      14 |  20.6 |      23 |       8 |  25.8
        D:3 |       0 |      32 | 100.0 |       0 |      10 | 100.0
            +---------+---------+-------+---------+---------+-------
